% Time on Ice - RENO LIONS
Lines # - Real PCT - Wanted PCT - Time Play
Normal Forward
1 - 32% - 33% - 16:51
2 - 34% - 33% - 17:38
3 - 23% - 24% - 11:52
4 - 11% - 10% - 5:43
Normal Defense
1 - 35% - 36% - 18:14
2 - 36% - 36% - 18:43
3 - 27% - 23% - 13:53
4 - 2% - 5% - 1:14
PP Forward
1 - 50% - 55% - 2:00
2 - 50% - 45% - 1:58
PP Defense
1 - 47% - 55% - 1:53
2 - 53% - 45% - 2:05
PK Forward
1 - 68% - 55% - 2:43
2 - 32% - 45% - 1:15
PK Defense
1 - 45% - 55% - 1:47
2 - 55% - 45% - 2:11
PK3 Forward
1 - 0% - 55%
2 - 0% - 45%
PK3 Defense
1 - 0% - 55%
2 - 0% - 45%
44 Forward
1 - 0% - 60%
2 - 0% - 40%
44 Defense
1 - 0% - 60%
2 - 0% - 40%
Last Minute Offensive  - 0:00
Last Minute Defensive  - 0:00
Total
Forward - 60:00
Defense - 60:00
% Time on Ice - PHOENIX MUSTANGS
Lines # - Real PCT - Wanted PCT - Time Play
Normal Forward
1 - 36% - 36% - 18:42
2 - 31% - 31% - 16:20
3 - 23% - 25% - 11:59
4 - 10% - 8% - 5:03
Normal Defense
1 - 36% - 36% - 18:31
2 - 33% - 31% - 17:24
3 - 26% - 23% - 13:27
4 - 5% - 10% - 2:42
PP Forward
1 - 44% - 60% - 1:45
2 - 56% - 40% - 2:13
PP Defense
1 - 50% - 55% - 2:00
2 - 50% - 45% - 1:58
PK Forward
1 - 61% - 55% - 2:26
2 - 39% - 45% - 1:32
PK Defense
1 - 45% - 55% - 1:47
2 - 55% - 45% - 2:11
PK3 Forward
1 - 0% - 55%
2 - 0% - 45%
PK3 Defense
1 - 0% - 55%
2 - 0% - 45%
44 Forward
1 - 0% - 55%
2 - 0% - 45%
44 Defense
1 - 0% - 55%
2 - 0% - 45%
Last Minute Offensive  - 0:00
Last Minute Defensive  - 0:00
Total
Forward - 60:00
Defense - 60:00
Play-by-Play 1st period 0:01 of 1st period - Andrew Copp wins face-off versus Elias Pettersson in neutral zone. 0:21 of 1st period - Teuvo Teravainen is hit by Jacob Trouba and loses puck. 1:00 of 1st period - Shot by Kevin Hayes. 1:00 of 1st period - Shot Hit the Post. 1:26 of 1st period - Jesper Fast is hit by Jacob Trouba and loses puck. 1:41 of 1st period - Shot by Jesper Fast. 1:41 of 1st period - Shot Misses the Net. 1:56 of 1st period - Icing by Alexander Steen. 1:57 of 1st period - Christian Dvorak wins face-off versus William Karlsson in PHOENIX MUSTANGS zone. 1:57 of 1st period - Christian Dvorak is hit by Blake Coleman. 2:06 of 1st period - Shot by Anders Lee. 2:06 of 1st period - Shot Blocked by Christian Dvorak. 2:08 of 1st period - Shot by Blake Coleman. 2:08 of 1st period - Deflect By Anders Lee. 2:08 of 1st period - Stopped by Corey Crawford without a rebound. 2:09 of 1st period - Tomas Nosek wins face-off versus Andrew Copp in PHOENIX MUSTANGS zone. 3:35 of 1st period - Shot by Alexander Steen. 3:35 of 1st period - Shot Misses the Net. 3:37 of 1st period - Shot by Alexander Steen. 3:37 of 1st period - Stopped by Thomas Greiss without a rebound. 3:38 of 1st period - Anders Lee wins face-off versus Kevin Hayes in RENO LIONS zone. 3:38 of 1st period - Anders Lee is hit by Jesper Fast. 4:21 of 1st period - Off-side. 4:22 of 1st period - David Backes wins face-off versus Jayce Hawryluk in neutral zone. 4:35 of 1st period - Shot by Melker Karlsson. 4:35 of 1st period - Shot Misses the Net. 4:51 of 1st period - Shot by Vincent Hinostroza. 4:51 of 1st period - Deflect By Melker Karlsson. 4:51 of 1st period - Shot Misses the Net. 5:02 of 1st period - Icing by Dennis Cholowski. 5:03 of 1st period - William Karlsson wins face-off versus David Backes in PHOENIX MUSTANGS zone. 5:08 of 1st period - Shot by William Karlsson. 5:08 of 1st period - Deflect By Anders Lee. 5:08 of 1st period - Shot Blocked by Alexander Steen. 6:24 of 1st period - Shot by Kevin Hayes. 6:24 of 1st period - Shot Misses the Net. 6:30 of 1st period - Shot by Jesper Fast. 6:30 of 1st period - Shot Blocked by Ryan Pulock. 6:32 of 1st period - Shot by Kevin Hayes. 6:32 of 1st period - Goal by Kevin Hayes - RENO LIONS : 0 - PHOENIX MUSTANGS : 1. 6:33 of 1st period - Elias Pettersson wins face-off versus Christian Dvorak in neutral zone. 6:52 of 1st period - Off-side. 6:53 of 1st period - Kevin Hayes wins face-off versus Tomas Nosek in neutral zone. 8:43 of 1st period - Shot by Teuvo Teravainen. 8:43 of 1st period - Shot Blocked by Oscar Klefbom. 8:46 of 1st period - Icing by Elias Pettersson. 8:47 of 1st period - Andrew Copp wins face-off versus Elias Pettersson in RENO LIONS zone. 9:57 of 1st period - Shot by William Karlsson. 9:57 of 1st period - Stopped by Corey Crawford without a rebound. 9:58 of 1st period - Christian Dvorak wins face-off versus Jayce Hawryluk in PHOENIX MUSTANGS zone. 10:02 of 1st period - Christian Dvorak is hit by Robert Hagg and loses puck. 10:18 of 1st period - Shot by Jordan Greenway. 10:18 of 1st period - Shot Misses the Net. 10:26 of 1st period - Shot by Jordan Greenway. 10:26 of 1st period - Shot Misses the Net. 10:37 of 1st period - Icing by Jayce Hawryluk. 10:38 of 1st period - Kevin Hayes wins face-off versus Jayce Hawryluk in RENO LIONS zone. 11:25 of 1st period - Shot by Kevin Hayes. 11:25 of 1st period - Shot Misses the Net. 12:29 of 1st period - William Karlsson is hit by Jordan Greenway and loses puck. 12:36 of 1st period - Shot by Christian Dvorak. 12:36 of 1st period - Stopped by Thomas Greiss without a rebound. 12:37 of 1st period - Tomas Nosek wins face-off versus David Backes in RENO LIONS zone. 13:11 of 1st period - Erik Karlsson is hit by Leo Komarov and loses puck. 13:53 of 1st period - Shot by Jesper Fast. 13:53 of 1st period - Stopped by Thomas Greiss without a rebound. 13:54 of 1st period - Evgeny Dadonov wins face-off versus Andrew Copp in RENO LIONS zone. 14:10 of 1st period - Shot by Pierre-Luc Dubois. 14:10 of 1st period - Shot Misses the Net. 14:37 of 1st period - Shot by Teuvo Teravainen. 14:37 of 1st period - Shot Misses the Net. 14:57 of 1st period - Icing by Erik Karlsson. 14:58 of 1st period - Blake Coleman wins face-off versus Jesper Fast in PHOENIX MUSTANGS zone. 16:12 of 1st period - Icing by Ryan Pulock. 16:13 of 1st period - Andrew Copp wins face-off versus William Karlsson in RENO LIONS zone. 17:19 of 1st period - Icing by Pierre-Luc Dubois. 17:20 of 1st period - Christian Dvorak wins face-off versus Elias Pettersson in RENO LIONS zone. 17:20 of 1st period - Drew Doughty is hit by Oscar Klefbom. 17:40 of 1st period - Shot by Pierre-Luc Dubois. 17:40 of 1st period - Shot Misses the Net. 18:50 of 1st period - Shot by Colton Sceviour. 18:50 of 1st period - Shot Misses the Net. 18:52 of 1st period - Shot by Ethan Bear. 18:52 of 1st period - Shot Misses the Net. 18:54 of 1st period - Shot by Robert Hagg. 18:54 of 1st period - Shot Misses the Net. 18:56 of 1st period - Shot by Colton Sceviour. 18:56 of 1st period - Shot Misses the Net. 18:58 of 1st period - Shot by Leo Komarov. 18:58 of 1st period - Goal by Leo Komarov - RENO LIONS : 1 - PHOENIX MUSTANGS : 1. 18:59 of 1st period - Jayce Hawryluk wins face-off versus Andrew Copp in neutral zone. Goals for this period are 1 for RENO LIONS vs 1 for PHOENIX MUSTANGS. Shots for this period are 3 for RENO LIONS vs 4 for PHOENIX MUSTANGS. 2nd period 0:01 of 2nd period - Christian Dvorak wins face-off versus Tomas Nosek in neutral zone. 1:20 of 2nd period - Icing by Oliver Ekman-Larsson. 1:21 of 2nd period - Andrew Copp wins face-off versus Elias Pettersson in RENO LIONS zone. 2:21 of 2nd period - Icing by Jesper Fast. 2:22 of 2nd period - Tomas Nosek wins face-off versus Kevin Hayes in PHOENIX MUSTANGS zone. 2:31 of 2nd period - Shot by Jesper Fast. 2:31 of 2nd period - Deflect By Kevin Hayes. 2:31 of 2nd period - Stopped by Thomas Greiss without a rebound. 2:32 of 2nd period - Christian Dvorak wins face-off versus Jayce Hawryluk in RENO LIONS zone. 2:38 of 2nd period - Christian Dvorak is hit by Robert Hagg and loses puck. 2:41 of 2nd period - Shot by Christian Dvorak. 2:41 of 2nd period - Stopped by Thomas Greiss with a rebound. 3:47 of 2nd period - Teuvo Teravainen is hit by Robert Hagg and loses puck. 3:50 of 2nd period - Shot by Andrew Copp. 3:50 of 2nd period - Shot Misses the Net. 4:06 of 2nd period - Shot by Elias Pettersson. 4:06 of 2nd period - Stopped by Corey Crawford without a rebound. 4:07 of 2nd period - William Karlsson wins face-off versus Kevin Hayes in PHOENIX MUSTANGS zone. 4:07 of 2nd period - William Karlsson is hit by Drew Doughty. 4:23 of 2nd period - Shot by Anders Lee. 4:23 of 2nd period - Shot Blocked by Clayton Keller. 5:39 of 2nd period - Shot by Teuvo Teravainen. 5:39 of 2nd period - Shot Misses the Net. 6:30 of 2nd period - Shot by Colton Sceviour. 6:30 of 2nd period - Stopped by Corey Crawford without a rebound. 6:31 of 2nd period - Anders Lee wins face-off versus David Backes in PHOENIX MUSTANGS zone. 6:32 of 2nd period - Shot by Blake Coleman. 6:32 of 2nd period - Stopped by Corey Crawford without a rebound. 6:33 of 2nd period - Tomas Nosek wins face-off versus David Backes in PHOENIX MUSTANGS zone. 6:46 of 2nd period - Shot by Tomas Nosek. 6:46 of 2nd period - Shot Misses the Net. 6:54 of 2nd period - Icing by Ethan Bear. 6:55 of 2nd period - Leo Komarov wins face-off versus Kevin Hayes in RENO LIONS zone. 7:13 of 2nd period - Shot by Clayton Keller. 7:13 of 2nd period - Shot Misses the Net. 7:16 of 2nd period - Kevin Hayes is hit by Robert Hagg. 7:21 of 2nd period - Minor Penalty to Robert Hagg for Hooking. 7:22 of 2nd period - Colton Sceviour wins face-off versus Christian Dvorak in RENO LIONS zone. 7:22 of 2nd period - Colton Sceviour is hit by Christian Dvorak. 7:47 of 2nd period - Shot by Teuvo Teravainen. 7:47 of 2nd period - Stopped